| TOP OF THE 1ST |
|
University of Michigan Wolverines batting - Pitching for Ohio State University Buckeyes : LHP Guadalupe Gonzalez
|
|
Pitching: LHP Guadalupe Gonzalez
|
|
|
Batting: LHB Tony Olvera
|
0-0: Foul Ball, location: 2F 0-1: Ball 1-1: Ball 2-1: SINGLE (Groundball, 34S, EV 60.6 MPH) (infield hit)
|
|
Batting: LHB Dave Cook
|
0-0: Ball 1-0: Fielders Choice at 2nd, 4-6 (Groundball, 4, EV 93.1 MPH)
|
|
Batting: RHB Franklin Ortega
|
0-0: Fly out, F3 (Popup, 23, EV 80.0 MPH)
|
|
Batting: LHB Adrian Navarro
|
0-0: Foul Ball, location: 2F 0-1: Foul Ball, location: 2F 0-2: Ball 1-2: Foul Ball, location: 2F 1-2: Ball 2-2: Foul Ball, location: 2F 2-2: Ball 3-2: DOUBLE (Flyball, 9D, EV 107.5 MPH) Dave Cook to third Dave Cook scores
|
|
Batting: RHB Jason Rhodes
|
0-0: Ground out U3 (Groundball, 34S, EV 81.2 MPH)
|
| Top of the 1st over - 1 run, 2 hits, 0 errors, 1 left on base; University of Michigan 1 - Ohio State University 0 |
| BOTTOM OF THE 1ST |
|
Ohio State University Buckeyes batting - Pitching for University of Michigan Wolverines : RHP Alberto Cabrera
|
|
Pitching: RHP Alberto Cabrera
|
|
|
Batting: RHB Hikaru Nakata
|
0-0: Called Strike 0-1: Ball 1-1: Swinging Strike 1-2: Fly out, F9 (Flyball, 9LSF, EV 96.9 MPH)
|
|
Batting: RHB Aaron Burnet
|
0-0: Swinging Strike 0-1: Ball 1-1: SOLO HOME RUN (Flyball, 89XD, EV 109.4 MPH), Distance : 412 ft
|
|
Batting: LHB Ben Roth
|
0-0: Ball 1-0: Fly out, F8 (Line Drive, 8RM, EV 91.2 MPH)
|
|
Batting: RHB Hugo Chavez
|
0-0: Ball 1-0: Fly out, F9 (Line Drive, 9LM, EV 102.5 MPH)
|
| Bottom of the 1st over - 1 run, 1 hit, 0 errors, 0 left on base; University of Michigan 1 - Ohio State University 1 |
| TOP OF THE 2ND |
|
University of Michigan Wolverines batting - Pitching for Ohio State University Buckeyes : LHP Guadalupe Gonzalez
|
|
Batting: RHB Justin Young
|
0-0: Ball 1-0: Swinging Strike 1-1: Ball 2-1: Ball 3-1: Foul Ball, location: 2F 3-2: Foul Ball, location: 2F 3-2: Base on Balls
|
|
Batting: RHB Dave Guevara
|
0-0: Ball 1-0: Ball 2-0: Ball 3-0: Base on Balls Justin Young to second
|
|
Batting: RHB Edwin Nunez
|
0-0: Fly out, F7 (Flyball, 78M, EV 93.1 MPH)
|
|
Batting: RHB Esteban Rangel
|
0-0: Called Strike 0-1: Swinging Strike 0-2: Foul Ball, location: 2F 0-2: Strikes out swinging
|
|
Batting: LHB Tony Olvera
|
0-0: Ball 1-0: Ball 2-0: Ball 3-0: Called Strike 3-1: Base on Balls Justin Young to third Dave Guevara to second
|
|
Batting: LHB Dave Cook
|
0-0: Ball 1-0: Ball 2-0: Fielders Choice at 2nd, 5-4 (Groundball, 56, EV 84.4 MPH)
|
| Top of the 2nd over - 0 runs, 0 hits, 0 errors, 3 left on base; University of Michigan 1 - Ohio State University 1 |
| BOTTOM OF THE 2ND |
|
Ohio State University Buckeyes batting - Pitching for University of Michigan Wolverines : RHP Alberto Cabrera
|
|
Batting: LHB Ricardo Torres
|
0-0: Ball 1-0: Called Strike 1-1: Foul Ball, location: 2F 1-2: Ball 2-2: Ball 3-2: Foul Ball, location: 2F 3-2: Base on Balls
|
|
Batting: RHB Michihisa Tanaka
|
0-0: Ball 1-0: Ball 2-0: Called Strike 2-1: Ball 3-1: Fielders Choice at 2nd, 5-4 (Groundball, 56, EV 87.5 MPH)
|
|
Batting: RHB Jeff Standridge
|
0-0: Ball 1-0: Ball 2-0: Fly out, F7 (Flyball, 7, EV 90.0 MPH)
|
|
Batting: RHB John Britton
|
0-0: Swinging Strike 0-1: Ball 1-1: Ball 2-1: SINGLE (Flyball, 7LM, EV 81.9 MPH) Michihisa Tanaka to second
|
|
Batting: RHB Dave Villarreal
|
0-0: Ball 1-0: Called Strike 1-1: Ground out 4-3 (Groundball, 4, EV 93.1 MPH)
|
| Bottom of the 2nd over - 0 runs, 1 hit, 0 errors, 2 left on base; University of Michigan 1 - Ohio State University 1 |
| TOP OF THE 3RD |
|
University of Michigan Wolverines batting - Pitching for Ohio State University Buckeyes : LHP Guadalupe Gonzalez
|
|
Batting: RHB Franklin Ortega
|
0-0: Ball 1-0: Ball 2-0: Foul Ball, location: 2F 2-1: Ground out 4-3 (Groundball, 34, EV 104.4 MPH)
|
|
Batting: LHB Adrian Navarro
|
0-0: Ball 1-0: Called Strike 1-1: Called Strike 1-2: Foul Ball, location: 2F 1-2: Strikes out swinging
|
|
Batting: RHB Jason Rhodes
|
0-0: SINGLE (Line Drive, 9S, EV 86.9 MPH)
|
|
Batting: RHB Justin Young
|
0-0: Ball 1-0: Fly out, F7 (Line Drive, 7, EV 88.8 MPH)
|
| Top of the 3rd over - 0 runs, 1 hit, 0 errors, 1 left on base; University of Michigan 1 - Ohio State University 1 |
| BOTTOM OF THE 3RD |
|
Ohio State University Buckeyes batting - Pitching for University of Michigan Wolverines : RHP Alberto Cabrera
|
|
Batting: RHB Hikaru Nakata
|
0-0: Fly out, F8 (Flyball, 89S, EV 87.5 MPH)
|
|
Batting: RHB Aaron Burnet
|
0-0: SINGLE (Groundball, 6D, EV 103.8 MPH)
|
|
Batting: LHB Ben Roth
|
0-0: Called Strike 0-1: Foul Ball, location: 2F 0-2: Ball 1-2: Foul Ball, location: 2F 1-2: Foul Ball, location: 2F 1-2: Grounds out, U3 (Groundball, 3L, EV 96.9 MPH)
|
|
Batting: RHB Hugo Chavez
|
0-0: Called Strike 0-1: Ground out 4-3 (Groundball, 4S, EV 72.5 MPH)
|
| Bottom of the 3rd over - 0 runs, 1 hit, 0 errors, 1 left on base; University of Michigan 1 - Ohio State University 1 |
| TOP OF THE 4TH |
|
University of Michigan Wolverines batting - Pitching for Ohio State University Buckeyes : LHP Guadalupe Gonzalez
|
|
Batting: RHB Dave Guevara
|
0-0: Called Strike 0-1: Foul Ball, location: 2F 0-2: Strikes out swinging
|
|
Batting: RHB Edwin Nunez
|
0-0: Ball 1-0: SINGLE (Groundball, 6MD, EV 98.8 MPH)
|
|
Batting: RHB Esteban Rangel
|
0-0: Ball 1-0: Called Strike 1-1: Called Strike 1-2: Foul Ball, location: 2F 1-2: Ball 2-2: Ball 3-2: Fly out, F8 (Flyball, 89M, EV 88.8 MPH)
|
|
Batting: LHB Tony Olvera
|
0-0: Fielders Choice at 2nd, 5-4 (Groundball, 5, EV 105.6 MPH)
|
| Top of the 4th over - 0 runs, 1 hit, 0 errors, 1 left on base; University of Michigan 1 - Ohio State University 1 |
| BOTTOM OF THE 4TH |
|
Ohio State University Buckeyes batting - Pitching for University of Michigan Wolverines : RHP Alberto Cabrera
|
|
Batting: LHB Ricardo Torres
|
0-0: Swinging Strike 0-1: Ground out 6-3 (Groundball, 6, EV 80.6 MPH)
|
|
Batting: RHB Michihisa Tanaka
|
0-0: Ball 1-0: Foul Ball, location: 2F 1-1: Ground out 2-3 (Groundball, 2L, EV 63.1 MPH)
|
|
Batting: RHB Jeff Standridge
|
0-0: Foul Ball, location: 2F 0-1: Ball 1-1: Ground out 5-3 (Groundball, 56, EV 106.9 MPH)
|
| Bottom of the 4th over - 0 runs, 0 hits, 0 errors, 0 left on base; University of Michigan 1 - Ohio State University 1 |
| TOP OF THE 5TH |
|
University of Michigan Wolverines batting - Pitching for Ohio State University Buckeyes : LHP Guadalupe Gonzalez
|
|
Batting: LHB Dave Cook
|
0-0: Ground out 4-3 (Groundball, 34D, EV 101.2 MPH)
|
|
Batting: RHB Franklin Ortega
|
0-0: SINGLE (Groundball, 56S, EV 72.5 MPH) (infield hit)
|
|
Batting: LHB Adrian Navarro
|
0-0: Foul Ball, location: 2F 0-1: Ball 1-1: Foul Ball, location: 2F 1-2: Ball 2-2: Fly out, F8 (Flyball, 8RM, EV 84.4 MPH)
|
|
Batting: RHB Jason Rhodes
|
0-0: Foul Ball, location: 2F 0-1: Called Strike 0-2: Ball 1-2: Strikes out swinging
|
| Top of the 5th over - 0 runs, 1 hit, 0 errors, 1 left on base; University of Michigan 1 - Ohio State University 1 |
| BOTTOM OF THE 5TH |
|
Ohio State University Buckeyes batting - Pitching for University of Michigan Wolverines : RHP Alberto Cabrera
|
|
Batting: RHB John Britton
|
0-0: Foul Ball, location: 2F 0-1: Bunt for hit to 5S - play at first, batter OUT! 5-3
|
|
Batting: RHB Dave Villarreal
|
0-0: Foul Ball, location: 2F 0-1: Ball 1-1: Ball 2-1: Foul Ball, location: 2F 2-2: Fly out, F8 (Flyball, 8LM, EV 73.8 MPH)
|
|
Batting: RHB Hikaru Nakata
|
0-0: Ball 1-0: Called Strike 1-1: DOUBLE (Groundball, 5L, EV 100.0 MPH)
|
|
Batting: RHB Aaron Burnet
|
0-0: Called Strike 0-1: SINGLE (Line Drive, 7LS, EV 103.8 MPH) Hikaru Nakata to third
|
|
Batting: LHB Ben Roth
|
0-0: Ball 1-0: Ball 2-0: Ball 3-0: Called Strike 3-1: Swinging Strike 3-2: Base on Balls Aaron Burnet to second
|
|
Batting: RHB Hugo Chavez
|
0-0: Ball 1-0: Fly out, F8 (Flyball, 89D, EV 108.1 MPH)
|
| Bottom of the 5th over - 0 runs, 2 hits, 0 errors, 3 left on base; University of Michigan 1 - Ohio State University 1 |
| TOP OF THE 6TH |
|
University of Michigan Wolverines batting - Pitching for Ohio State University Buckeyes : LHP Guadalupe Gonzalez
|
|
Pitching: RHP Colt Robinson
|
|
|
Batting: RHB Justin Young
|
0-0: Ball 1-0: Called Strike 1-1: SINGLE (Line Drive, 89S, EV 97.5 MPH)
|
|
Batting: RHB Dave Guevara
|
0-0: Foul Ball, location: 2F 0-1: Ball 1-1: 2-RUN HOME RUN (Flyball, 78XD, EV 103.1 MPH), Distance : 407 ft
|
|
Batting: RHB Edwin Nunez
|
0-0: Ball 1-0: Fly out, F7 (Line Drive, 7, EV 92.5 MPH)
|
|
Batting: RHB Esteban Rangel
|
0-0: Fly out, F9 (Line Drive, 89M, EV 98.1 MPH)
|
|
Batting: LHB Tony Olvera
|
0-0: Called Strike 0-1: SINGLE (Line Drive, 6MD, EV 110.6 MPH)
|
|
Batting: LHB Dave Cook
|
0-0: Fielders Choice at 2nd, 6-4 (Groundball, 6, EV 83.1 MPH)
|
| Top of the 6th over - 2 runs, 3 hits, 0 errors, 1 left on base; University of Michigan 3 - Ohio State University 1 |
| BOTTOM OF THE 6TH |
|
Ohio State University Buckeyes batting - Pitching for University of Michigan Wolverines : RHP Alberto Cabrera
|
|
Batting: LHB Ricardo Torres
|
0-0: Ball 1-0: Ball 2-0: Foul Ball, location: 2F 2-1: Fly out, F9 (Flyball, 89M, EV 93.8 MPH)
|
|
Batting: RHB Michihisa Tanaka
|
0-0: Fly out, F7 (Flyball, 7D, EV 101.9 MPH)
|
|
Batting: RHB Jeff Standridge
|
0-0: Ball 1-0: Ground out 2-3 (Groundball, 2R, EV 69.4 MPH)
|
| Bottom of the 6th over - 0 runs, 0 hits, 0 errors, 0 left on base; University of Michigan 3 - Ohio State University 1 |
| TOP OF THE 7TH |
|
University of Michigan Wolverines batting - Pitching for Ohio State University Buckeyes : RHP Colt Robinson
|
|
Batting: RHB Franklin Ortega
|
0-0: Called Strike 0-1: Reached on error, E5 (Groundball, 56, EV 103.8 MPH)
|
|
Batting: LHB Adrian Navarro
|
0-0: Called Strike 0-1: Ball 1-1: Fly out, F7 (Flyball, 7D, EV 88.1 MPH)
|
|
Batting: RHB Jason Rhodes
|
Balk! Franklin Ortega to second 0-0: Called Strike 0-1: Ball 1-1: Foul Ball, location: 2F 1-2: Foul Ball, location: 2F 1-2: SINGLE (Line Drive, 7LS, EV 112.5 MPH) Franklin Ortega to third
|
|
Batting: RHB Justin Young
|
0-0: Ball 1-0: Called Strike 1-1: Swinging Strike 1-2: Foul Ball, location: 2F 1-2: Strikes out swinging
|
|
Batting: RHB Dave Guevara
|
0-0: Ground out 4-3 (Groundball, 34S, EV 88.8 MPH)
|
| Top of the 7th over - 0 runs, 1 hit, 1 error, 2 left on base; University of Michigan 3 - Ohio State University 1 |
| BOTTOM OF THE 7TH |
|
Ohio State University Buckeyes batting - Pitching for University of Michigan Wolverines : RHP Alberto Cabrera
|
|
Batting: RHB John Britton
|
0-0: Ground out 6-3 (Groundball, 6, EV 88.1 MPH)
|
|
Batting: RHB Dave Villarreal
|
0-0: Called Strike 0-1: Fly out, F9 (Flyball, 89M, EV 86.2 MPH)
|
|
Batting: RHB Hikaru Nakata
|
0-0: Ball 1-0: Called Strike 1-1: Called Strike 1-2: Foul Ball, location: 2F 1-2: Fly out, F7 (Flyball, 7LMF, EV 81.2 MPH)
|
| Bottom of the 7th over - 0 runs, 0 hits, 0 errors, 0 left on base; University of Michigan 3 - Ohio State University 1 |
| TOP OF THE 8TH |
|
University of Michigan Wolverines batting - Pitching for Ohio State University Buckeyes : RHP Colt Robinson
|
|
Pitching: LHP Ernesto Galindo
|
|
|
Batting: RHB Edwin Nunez
|
0-0: Ball 1-0: Called Strike 1-1: Foul Ball, location: 2F 1-2: Foul Ball, location: 2F 1-2: Foul Ball, location: 2F 1-2: Strikes out swinging
|
|
Batting: RHB Esteban Rangel
|
0-0: Ground out 3-1 (Groundball, 34, EV 101.9 MPH)
|
|
Batting: LHB Tony Olvera
|
0-0: Foul Ball, location: 2F 0-1: Ball 1-1: Ball 2-1: Foul Ball, location: 2F 2-2: Fly out, F9 (Flyball, 89S, EV 79.4 MPH)
|
| Top of the 8th over - 0 runs, 0 hits, 0 errors, 0 left on base; University of Michigan 3 - Ohio State University 1 |
| BOTTOM OF THE 8TH |
|
Ohio State University Buckeyes batting - Pitching for University of Michigan Wolverines : RHP Alberto Cabrera
|
|
Batting: RHB Aaron Burnet
|
0-0: Ball 1-0: Ball 2-0: Called Strike 2-1: Swinging Strike 2-2: Foul Ball, location: 2F 2-2: SINGLE (Line Drive, 78M, EV 101.9 MPH)
|
|
Batting: LHB Ben Roth
|
0-0: Swinging Strike 0-1: Called Strike 0-2: Ball 1-2: Foul Ball, location: 2F 1-2: Ball 2-2: Fly out, F7 (Flyball, 7D, EV 104.4 MPH)
|
|
Batting: RHB Hugo Chavez
|
0-0: Ball 1-0: Ball 2-0: DOUBLE (Line Drive, 9LM, EV 92.5 MPH) Aaron Burnet to third Runner from 3rd tries for Home, SAFE, throw by RF to home
|
|
Batting: LHB Ricardo Torres
|
0-0: Called Strike 0-1: Ball 1-1: Ground out 6-3 (Groundball, 6, EV 89.4 MPH)
|
|
Pinch Hitting: RHB Danny Rosario
|
0-0: Ball 1-0: Called Strike 1-1: Ground out 4-3 (Groundball, 13, EV 91.2 MPH)
|
| Bottom of the 8th over - 1 run, 2 hits, 0 errors, 1 left on base; University of Michigan 3 - Ohio State University 2 |
| TOP OF THE 9TH |
|
University of Michigan Wolverines batting - Pitching for Ohio State University Buckeyes : LHP Ernesto Galindo
|
|
Now at 3B: Danny Rosario
|
|
|
Pinch Hitting: LHB Gabe Morales
|
0-0: Foul Ball, location: 2F 0-1: Ball 1-1: Ball 2-1: Ball 3-1: Base on Balls
|
|
Batting: RHB Franklin Ortega
|
0-0: Ball 1-0: Called Strike 1-1: 2-RUN HOME RUN (Flyball, 7D, EV 101.2 MPH), Distance : 396 ft
|
|
Batting: LHB Adrian Navarro
|
0-0: Called Strike 0-1: Ball 1-1: Foul Ball, location: 2F 1-2: DOUBLE (Flyball, 89D, EV 106.2 MPH)
|
|
Batting: RHB Jason Rhodes
|
0-0: Called Strike 0-1: Ball 1-1: Called Strike 1-2: Ball 2-2: Fly out, F9 (Flyball, 9S, EV 78.1 MPH)
|
|
Batting: RHB Justin Young
|
0-0: Intentional Walk
|
|
Batting: RHB Dave Guevara
|
0-0: Fielders Choice at 2nd, 3-6 (Groundball, 3S, EV 76.2 MPH) Adrian Navarro to third
|
|
Pitching: LHP Neil McKibben
|
|
|
Pinch Hitting: RHB Jamie Broadhurst
|
0-0: Foul Ball, location: 2F 0-1: Ball 1-1: Ball 2-1: Foul Ball, location: 2F 2-2: Ball 3-2: Foul Ball, location: 2F 3-2: Ground out 5-3 (Groundball, 56S, EV 86.2 MPH)
|
| Top of the 9th over - 2 runs, 2 hits, 0 errors, 2 left on base; University of Michigan 5 - Ohio State University 2 |
| BOTTOM OF THE 9TH |
|
Ohio State University Buckeyes batting - Pitching for University of Michigan Wolverines : RHP Alberto Cabrera
|
|
Pitching: RHP Travis Palmisano
|
|
|
Now at 2B: Glen Limeburner
|
|
|
Now in LF: Joel Sandoval
|
|
|
Pinch Hitting: SHB Ken Griffey IV
|
0-0: Ball 1-0: Swinging Strike 1-1: Ball 2-1: Called Strike 2-2: Ball 3-2: Strikes out swinging
|
|
Batting: RHB John Britton
|
0-0: Swinging Strike 0-1: Ball 1-1: Swinging Strike 1-2: Ball 2-2: Ball 3-2: Foul Ball, location: 2F 3-2: Base on Balls
|
|
Pinch Hitting: RHB Mike Vaughan
|
0-0: Foul Ball, location: 2F 0-1: Ball 1-1: SINGLE (Groundball, 5S, EV 76.2 MPH) (infield hit) John Britton to second
|
|
Batting: RHB Hikaru Nakata
|
0-0: Called Strike 0-1: Ball 1-1: Ball 2-1: Called Strike 2-2: Foul Ball, location: 2F 2-2: Strikes out swinging
|
|
Batting: RHB Aaron Burnet
|
0-0: Called Strike 0-1: Fielders Choice at 2nd, 6-4 (Groundball, 6, EV 83.1 MPH)
|
| Bottom of the 9th over - 0 runs, 1 hit, 0 errors, 2 left on base; University of Michigan 5 - Ohio State University 2 |
|